| TOP OF THE 1ST |
|
Oakland Athletics batting - Pitching for Milwaukee Brewers : RHP Luis Lopez
|
|
Pitching: RHP Luis Lopez
|
|
|
Batting: RHB Scott Fletcher
|
0-0: Ball 1-0: Ball 2-0: Ball 3-0: Base on Balls
|
|
Batting: LHB Ruppert Jones
|
0-0: Called Strike 0-1: Ball 1-1: Foul Ball, location: 2F 1-2: Fly out, F6 (Popup, P, EV 78.8 MPH)
|
|
Batting: RHB Dave Henderson
|
0-0: Ball 1-0: Ball 2-0: Fly out, F5 (Line Drive, 5, EV 70.6 MPH)
|
|
Batting: LHB Reggie Jackson
|
0-0: Ball 1-0: Foul Ball, location: 2F 1-1: Ball 2-1: Swinging Strike 2-2: Ball 3-2: Strikes out looking
|
| Top of the 1st over - 0 runs, 0 hits, 0 errors, 1 left on base; Oakland 0 - Milwaukee 0 |
| BOTTOM OF THE 1ST |
|
Milwaukee Brewers batting - Pitching for Oakland Athletics : LHP Gerald Tyler
|
|
Pitching: LHP Gerald Tyler
|
|
|
Batting: SHB Alfredo Griffin
|
0-0: Called Strike 0-1: Fly out, F9 (Flyball, 9S, EV 85.0 MPH)
|
|
Batting: RHB Thurman Munson
|
0-0: Ball 1-0: Swinging Strike 1-1: Foul Ball, location: 2F 1-2: Foul Ball, location: 2F 1-2: Ball 2-2: Strikes out swinging
|
|
Batting: RHB Eric Davis
|
0-0: Ball 1-0: Swinging Strike 1-1: Ball 2-1: Swinging Strike 2-2: Ball 3-2: Base on Balls
|
|
Batting: SHB Eddie Murray
|
0-0: Fly out, F4 (Flyball, 34D, EV 87.5 MPH)
|
| Bottom of the 1st over - 0 runs, 0 hits, 0 errors, 1 left on base; Oakland 0 - Milwaukee 0 |
| TOP OF THE 2ND |
|
Oakland Athletics batting - Pitching for Milwaukee Brewers : RHP Luis Lopez
|
|
Batting: RHB George Hendrick
|
0-0: Fly out, F2 (Popup, 2R, EV 96.9 MPH)
|
|
Batting: RHB Earl C Williams
|
0-0: Ball 1-0: Called Strike 1-1: Ball 2-1: Ball 3-1: Called Strike 3-2: SINGLE (Line Drive, 9S, EV 87.5 MPH)
|
|
Batting: LHB Ben Oglivie
|
0-0: Called Strike 0-1: Foul Ball, location: 2F 0-2: Ball 1-2: Foul Ball, location: 2F 1-2: Strikes out swinging
|
|
Batting: RHB Barry Evans
|
0-0: Ball 1-0: Ball 2-0: Called Strike 2-1: Foul Ball, location: 2F 2-2: Strikes out swinging
|
| Top of the 2nd over - 0 runs, 1 hit, 0 errors, 1 left on base; Oakland 0 - Milwaukee 0 |
| BOTTOM OF THE 2ND |
|
Milwaukee Brewers batting - Pitching for Oakland Athletics : LHP Gerald Tyler
|
|
Batting: RHB Ken Landreaux
|
0-0: Ball 1-0: Ball 2-0: Ball 3-0: Called Strike 3-1: Fly out, F7 (Flyball, 7LM, EV 85.6 MPH)
|
|
Batting: LHB Denny Walling
|
0-0: Ball 1-0: Ball 2-0: SINGLE (Line Drive, 78S, EV 99.4 MPH)
|
|
Batting: RHB Mike Schmidt
|
0-0: Ball 1-0: Ball Denny Walling steals 2nd base 2-0: SINGLE (Groundball, 4D, EV 99.4 MPH) Denny Walling to third Runner from 3rd tries for Home, SAFE, throw by CF to home
|
|
Batting: RHB Ricky Jacquez
|
0-0: Ball 1-0: Called Strike 1-1: Ball 2-1: Ball 3-1: Swinging Strike 3-2: SINGLE (Groundball, 34S, EV 90.6 MPH) (infield hit) Mike Schmidt to second
|
|
Batting: RHB Steve Sax
|
0-0: Ball 1-0: Ball 2-0: Foul Ball, location: 2F 2-1: Ball 3-1: Foul Ball, location: 2F 3-2: Base on Balls Mike Schmidt to third Ricky Jacquez to second
|
|
Batting: SHB Alfredo Griffin
|
0-0: Swinging Strike 0-1: SINGLE (Groundball, 34D, EV 106.3 MPH) Mike Schmidt scores Ricky Jacquez to third Steve Sax to second Runner from 3rd tries for Home, SAFE, throw by RF to home
|
|
Batting: RHB Thurman Munson
|
0-0: Ball 1-0: Reached via error on a dropped throw from 3B, E4 (Groundball, 56, EV 85.0 MPH) Steve Sax to third Alfredo Griffin to second
|
|
Batting: RHB Eric Davis
|
0-0: SINGLE (Line Drive, 9S, EV 95.6 MPH) Steve Sax scores Alfredo Griffin to third Thurman Munson to second Runner from 3rd tries for Home, SAFE, throw by RF to home
|
|
Batting: SHB Eddie Murray
|
0-0: Swinging Strike 0-1: Foul Ball, location: 2F 0-2: Ball 1-2: Strikes out swinging
|
|
Batting: RHB Ken Landreaux
|
0-0: Ball 1-0: SINGLE (Line Drive, 4MD, EV 102.5 MPH) Thurman Munson to third Eric Davis to second Runner from 3rd tries for Home, SAFE, throw by CF to home
|
|
Batting: LHB Denny Walling
|
0-0: Ball 1-0: Foul Ball, location: 2F 1-1: SINGLE (Groundball, 4MD, EV 105.0 MPH) Eric Davis to third Ken Landreaux to second Runner from 3rd tries for Home, SAFE, throw by CF to home
|
|
Pitching: LHP Trevor Faugno
|
|
|
Batting: RHB Mike Schmidt
|
0-0: Ball 1-0: Called Strike 1-1: Called Strike 1-2: Strikes out swinging
|
| Bottom of the 2nd over - 7 runs, 7 hits, 1 error, 2 left on base; Oakland 0 - Milwaukee 7 |
| TOP OF THE 3RD |
|
Oakland Athletics batting - Pitching for Milwaukee Brewers : RHP Luis Lopez
|
|
Batting: RHB Fred Andrews
|
0-0: Foul Ball, location: 2F 0-1: Ball 1-1: Called Strike 1-2: Ball 2-2: Ball 3-2: Foul Ball, location: 2F 3-2: Base on Balls
|
|
Batting: RHB Scott Fletcher
|
0-0: Ball 1-0: Called Strike 1-1: Foul Ball, location: 2F 1-2: Foul Ball, location: 2F 1-2: Foul Ball, location: 2F 1-2: Foul Ball, location: 2F 1-2: Ball 2-2: Fly out, F4 (Flyball, 4D, EV 86.9 MPH)
|
|
Batting: LHB Ruppert Jones
|
0-0: Ball 1-0: Ball 2-0: Foul Ball, location: 2F 2-1: Foul Ball, location: 2F 2-2: Strikes out swinging
|
|
Batting: RHB Dave Henderson
|
0-0: Foul Ball, location: 2F 0-1: Ball 1-1: Called Strike 1-2: Foul Ball, location: 2F 1-2: Foul Ball, location: 2F 1-2: Ball 2-2: Strikes out swinging
|
| Top of the 3rd over - 0 runs, 0 hits, 0 errors, 1 left on base; Oakland 0 - Milwaukee 7 |
| BOTTOM OF THE 3RD |
|
Milwaukee Brewers batting - Pitching for Oakland Athletics : LHP Trevor Faugno
|
|
Batting: RHB Ricky Jacquez
|
0-0: Ball 1-0: Called Strike 1-1: Called Strike 1-2: Foul Ball, location: 2F 1-2: Ball 2-2: Foul Ball, location: 2F 2-2: Ball 3-2: Ground out 6-3 (Groundball, 6, EV 101.9 MPH)
|
|
Batting: RHB Steve Sax
|
0-0: Fly out, F8 (Flyball, 89D, EV 95.0 MPH)
|
|
Batting: SHB Alfredo Griffin
|
0-0: Called Strike 0-1: Foul Ball, location: 2F 0-2: Ball 1-2: SINGLE (Groundball, 4MD, EV 100.6 MPH)
|
|
Batting: RHB Thurman Munson
|
0-0: Ball 1-0: Ball 2-0: Called Strike 2-1: Foul Ball, location: 2F 2-2: Ball 3-2: Foul Ball, location: 2F 3-2: 2-RUN HOME RUN (Flyball, 9LD, EV 113.1 MPH), Distance : 342 ft
|
|
Batting: RHB Eric Davis
|
0-0: Ball 1-0: Ball 2-0: Foul Ball, location: 2F 2-1: Ball 3-1: Foul Ball, location: 2F 3-2: Ground out 4-3 (Groundball, 4, EV 78.8 MPH)
|
| Bottom of the 3rd over - 2 runs, 2 hits, 0 errors, 0 left on base; Oakland 0 - Milwaukee 9 |
| TOP OF THE 4TH |
|
Oakland Athletics batting - Pitching for Milwaukee Brewers : RHP Luis Lopez
|
|
Batting: LHB Reggie Jackson
|
0-0: Ball 1-0: Called Strike 1-1: Foul Ball, location: 2F 1-2: Ball 2-2: Strikes out swinging
|
|
Batting: RHB George Hendrick
|
0-0: Ball 1-0: Foul Ball, location: 2F 1-1: SINGLE (Groundball, 6MD, EV 108.1 MPH)
|
|
Batting: RHB Earl C Williams
|
0-0: Swinging Strike 0-1: Grounds into double play, 5-4-3 (Groundball, 56S, EV 89.4 MPH)
|
| Top of the 4th over - 0 runs, 1 hit, 0 errors, 0 left on base; Oakland 0 - Milwaukee 9 |
| BOTTOM OF THE 4TH |
|
Milwaukee Brewers batting - Pitching for Oakland Athletics : LHP Trevor Faugno
|
|
Batting: SHB Eddie Murray
|
0-0: Fly out, F9 (Flyball, 9, EV 91.9 MPH)
|
|
Batting: RHB Ken Landreaux
|
0-0: Ball 1-0: Ball 2-0: Ball 3-0: Called Strike 3-1: Ground out 4-3 (Groundball, 34, EV 104.4 MPH)
|
|
Batting: LHB Denny Walling
|
0-0: Ground out 4-3 (Groundball, 4M, EV 80.0 MPH)
|
| Bottom of the 4th over - 0 runs, 0 hits, 0 errors, 0 left on base; Oakland 0 - Milwaukee 9 |
| TOP OF THE 5TH |
|
Oakland Athletics batting - Pitching for Milwaukee Brewers : RHP Luis Lopez
|
|
Batting: LHB Ben Oglivie
|
0-0: DOUBLE (Flyball, 8LXD, EV 106.9 MPH)
|
|
Batting: RHB Barry Evans
|
0-0: Foul Ball, location: 2F 0-1: Ball 1-1: Called Strike 1-2: Strikes out swinging
|
|
Batting: RHB Fred Andrews
|
0-0: Ground out 4-3 (Groundball, 4, EV 80.6 MPH) Ben Oglivie to third
|
|
Batting: RHB Scott Fletcher
|
0-0: Ball 1-0: Ball 2-0: Called Strike 2-1: Foul Ball, location: 2F 2-2: Foul Ball, location: 2F 2-2: Ball 3-2: Ground out 6-3 (Groundball, 6D, EV 105.0 MPH)
|
| Top of the 5th over - 0 runs, 1 hit, 0 errors, 1 left on base; Oakland 0 - Milwaukee 9 |
| BOTTOM OF THE 5TH |
|
Milwaukee Brewers batting - Pitching for Oakland Athletics : LHP Trevor Faugno
|
|
Batting: RHB Mike Schmidt
|
0-0: Ball 1-0: Ball 2-0: Foul Ball, location: 2F 2-1: Ball 3-1: TRIPLE (Flyball, 89XD, EV 95.0 MPH)
|
|
Batting: RHB Ricky Jacquez
|
0-0: Called Strike 0-1: Ball 1-1: Ball 2-1: Ground out 4-3 (Groundball, 4, EV 81.9 MPH) Mike Schmidt scores
|
|
Batting: RHB Steve Sax
|
0-0: Ball 1-0: Ball 2-0: Foul Ball, location: 2F 2-1: Foul Ball, location: 2F 2-2: Ground out 6-3 (Groundball, 6, EV 85.0 MPH)
|
|
Batting: SHB Alfredo Griffin
|
0-0: Called Strike 0-1: Ball 1-1: Foul Ball, location: 2F 1-2: Strikes out looking
|
| Bottom of the 5th over - 1 run, 1 hit, 0 errors, 0 left on base; Oakland 0 - Milwaukee 10 |
| TOP OF THE 6TH |
|
Oakland Athletics batting - Pitching for Milwaukee Brewers : RHP Luis Lopez
|
|
Batting: LHB Ruppert Jones
|
0-0: Ball 1-0: Called Strike 1-1: Ball 2-1: Called Strike 2-2: Strikes out swinging
|
|
Batting: RHB Dave Henderson
|
0-0: Called Strike 0-1: Foul Ball, location: 2F 0-2: Strikes out swinging
|
|
Batting: LHB Reggie Jackson
|
0-0: Swinging Strike 0-1: Ball 1-1: Swinging Strike 1-2: Strikes out swinging
|
| Top of the 6th over - 0 runs, 0 hits, 0 errors, 0 left on base; Oakland 0 - Milwaukee 10 |
| BOTTOM OF THE 6TH |
|
Milwaukee Brewers batting - Pitching for Oakland Athletics : LHP Trevor Faugno
|
|
Batting: RHB Thurman Munson
|
0-0: Foul Ball, location: 2F 0-1: Hit by Pitch
|
|
Batting: RHB Eric Davis
|
0-0: Fielders Choice at 2nd, 6-4 (Groundball, 56, EV 108.1 MPH)
|
|
Batting: SHB Eddie Murray
|
0-0: Foul Ball, location: 2F 0-1: Foul Ball, location: 2F 0-2: Ball 1-2: Ball 2-2: SINGLE (Line Drive, 34D, EV 96.3 MPH) Eric Davis to second
|
|
Batting: RHB Ken Landreaux
|
0-0: Grounds into double play, 6-4-3 (Groundball, 6, EV 85.6 MPH)
|
| Bottom of the 6th over - 0 runs, 1 hit, 0 errors, 1 left on base; Oakland 0 - Milwaukee 10 |
| TOP OF THE 7TH |
|
Oakland Athletics batting - Pitching for Milwaukee Brewers : RHP Luis Lopez
|
|
Pinch Hitting: RHB John Scott
|
0-0: Ground out 5-3 (Groundball, 56, EV 82.5 MPH)
|
|
Batting: RHB Earl C Williams
|
0-0: Ball 1-0: Called Strike 1-1: Swinging Strike 1-2: Strikes out swinging
|
|
Batting: LHB Ben Oglivie
|
0-0: Ball 1-0: Foul Ball, location: 2F 1-1: Called Strike 1-2: Ground out 6-3 (Groundball, 6, EV 79.4 MPH)
|
| Top of the 7th over - 0 runs, 0 hits, 0 errors, 0 left on base; Oakland 0 - Milwaukee 10 |
| BOTTOM OF THE 7TH |
|
Milwaukee Brewers batting - Pitching for Oakland Athletics : LHP Trevor Faugno
|
|
Now in CF: John Scott
|
|
|
Batting: LHB Denny Walling
|
0-0: Called Strike 0-1: Fly out, F8 (Line Drive, 8LM, EV 90.6 MPH)
|
|
Pinch Hitting: RHB Brian J Giles
|
0-0: Ball 1-0: Called Strike 1-1: Ball 2-1: Swinging Strike 2-2: Strikes out swinging
|
|
Batting: RHB Ricky Jacquez
|
0-0: Ball 1-0: Called Strike 1-1: Foul Ball, location: 2F 1-2: Ground out 5-3 (Groundball, 56, EV 99.4 MPH)
|
| Bottom of the 7th over - 0 runs, 0 hits, 0 errors, 0 left on base; Oakland 0 - Milwaukee 10 |
| TOP OF THE 8TH |
|
Oakland Athletics batting - Pitching for Milwaukee Brewers : RHP Luis Lopez
|
|
Now at 3B: Brian J Giles
|
|
|
Batting: RHB Barry Evans
|
0-0: Foul Ball, location: 2F 0-1: Foul Ball, location: 2F 0-2: Ball 1-2: Foul Ball, location: 2F 1-2: SINGLE (Flyball, 56D, EV 95.6 MPH)
|
|
Batting: RHB Fred Andrews
|
0-0: Fly out, F8 (Flyball, 8RM, EV 88.1 MPH)
|
|
Batting: RHB Scott Fletcher
|
0-0: Ball 1-0: Ball 2-0: Ground out 4-3 (Groundball, 4S, EV 64.4 MPH) Barry Evans to second
|
|
Batting: LHB Ruppert Jones
|
0-0: Called Strike 0-1: Ball 1-1: Swinging Strike 1-2: Strikes out swinging
|
| Top of the 8th over - 0 runs, 1 hit, 0 errors, 1 left on base; Oakland 0 - Milwaukee 10 |
| BOTTOM OF THE 8TH |
|
Milwaukee Brewers batting - Pitching for Oakland Athletics : LHP Trevor Faugno
|
|
Pinch Hitting: RHB Pat Tabler
|
0-0: Ball 1-0: Ball 2-0: Ball 3-0: Base on Balls
|
|
Pitching: RHP Neil Allen
|
|
|
Batting: SHB Alfredo Griffin
|
0-0: Fielders Choice at 2nd, 5-4 (Groundball, 56, EV 82.5 MPH)
|
|
Batting: RHB Thurman Munson
|
0-0: Called Strike 0-1: Called Strike 0-2: Ball 1-2: Foul Ball, location: 2F 1-2: Foul Ball, location: 2F 1-2: Ball 2-2: Foul Ball, location: 2F 2-2: Ball 3-2: Foul Ball, location: 2F 3-2: SINGLE (Line Drive, 56D, EV 110.0 MPH) Alfredo Griffin to second Alfredo Griffin to third
|
|
Batting: RHB Eric Davis
|
0-0: Ball 1-0: Foul Ball, location: 2F 1-1: Ball 2-1: Swinging Strike 2-2: Ball 3-2: Foul Ball, location: 2F 3-2: Base on Balls Thurman Munson to second
|
|
Batting: SHB Eddie Murray
|
0-0: Swinging Strike 0-1: Fly out, F4 (Flyball, 34D, EV 86.9 MPH)
|
|
Batting: RHB Ken Landreaux
|
0-0: Called Strike 0-1: Ball 1-1: Ball 2-1: Swinging Strike 2-2: SINGLE (Groundball, 6MD, EV 95.0 MPH) Alfredo Griffin scores Thurman Munson to third Eric Davis to second Runner from 3rd tries for Home, SAFE, throw by CF to home
|
|
Batting: LHB Denny Walling
|
0-0: Fly out, F9 (Flyball, 9LS, EV 89.4 MPH)
|
| Bottom of the 8th over - 2 runs, 2 hits, 0 errors, 2 left on base; Oakland 0 - Milwaukee 12 |
| TOP OF THE 9TH |
|
Oakland Athletics batting - Pitching for Milwaukee Brewers : RHP Luis Lopez
|
|
Now at 3B: Pat Tabler
|
|
|
Batting: RHB Dave Henderson
|
0-0: SINGLE (Flyball, 9S, EV 91.9 MPH)
|
|
Batting: LHB Reggie Jackson
|
0-0: Ball 1-0: SINGLE (Flyball, 78M, EV 92.5 MPH) Dave Henderson to second
|
|
Pitching: RHP Andy Messersmith
|
|
|
Batting: RHB John Scott
|
0-0: Ball 1-0: Foul Ball, location: 2F 1-1: Fly out, F7 (Flyball, 7, EV 86.3 MPH)
|
|
Batting: RHB Earl C Williams
|
0-0: Ball 1-0: Ball 2-0: Fly out, F9 (Flyball, 89D, EV 110.0 MPH)
|
|
Batting: LHB Ben Oglivie
|
0-0: Ball 1-0: Fly out, F6 (Popup, 6, EV 66.9 MPH)
|
| Top of the 9th over - 0 runs, 2 hits, 0 errors, 2 left on base; Oakland 0 - Milwaukee 12 |
|